 Dungeon Crawl Stone Soup version 0.32-a0-411-g744942f433 (webtiles) character file.

Game seed: 5737894022754922184

1624 ezpacito the Chopper (level 8, 0/100 HPs)
             Began as a Demonspawn Chaos Knight on Feb 20, 2024.
             Was a Plaything of Xom.
             Slain by a troll (13 damage)
             ... on level 6 of the Dungeon.
             The game lasted 00:07:46 (5599 turns).

ezpacito the Chopper (Demonspawn Chaos Knight)      Turns: 5599, Time: 00:07:47

Health: 0/100      AC: 24    Str: 20    XL:     8   Next: 65%
Magic:  11/11      EV:  2    Int: 12    God:    Xom [*.....]
Gold:   360        SH:  0    Dex: 14    Spells: 5/12 levels left

rFire   . . .        a - +1 hand axe (chaos)
rCold   . . .        (no shield)
rNeg    . . .        u - melded +0 chain mail
rPois   +            q - melded +0 helmet
rElec   .            (cloak currently unavailable)
rCorr   .            (gloves currently unavailable)
SInv    .            (boots currently unavailable)
Will    +....        (no amulet)
Stlth   ++           g - +6 ring of strength
HPRegen 0.36/turn    m - +5 ring of evasion
MPRegen 0.12/turn

%: clarity
@: tree-form, attractive, enlightened
A: stationary, stasis, torment immunity, boosted hp, (claws 2), (sharp scales
1), clarity, robust 1, screaming 1
a: Renounce Religion


You were on level 6 of the Dungeon.
You worshipped Xom.
You were a special plaything of Xom.
You were a tree.
You visited 1 branch of the dungeon, and saw 6 of its levels.

You collected 360 gold pieces.

Inventory:

Hand Weapons
 a - a +1 hand axe of chaos (weapon)
 p - the +9 spear of the Warrior {protect, rPois Will+}
   (You found it on level 3 of the Dungeon)

   rPois:     It protects you from poison Will+: It increases your willpower.
 w - a +0 war axe
Missiles
 b - a boomerang (quivered)
 i - 2 poisoned darts
Armour
 k - an orb of light
 q - a +0 helmet (melded)
 u - a +0 chain mail (melded)
Magical Staves
 h - a staff of alchemy
Jewellery
 g - a +6 ring of strength (left branch)
 m - a +5 ring of evasion (right branch)
Talismans
 e - a flux talisman
Scrolls
 d - a scroll of immolation
 l - 3 scrolls of teleportation
 r - a scroll of noise
 s - 3 scrolls of fog


   Skills:
 * Level 4.7 Fighting
 * Level 5.9 Axes
 * Level 3.9 Armour
 * Level 2.5 Dodging
 * Level 2.5 Stealth
 * Level 2.2 Unarmed Combat
 * Level 2.6 Spellcasting
 * Level 2.2 Hexes
 * Level 1.2 Summonings
 * Level 2.1 Alchemy
 * Level 2.2 Evocations


You had 5 spell levels left.
You knew the following spells:

 Your Spells              Type           Power      Damage    Failure   Level
a - Tukima's Dance        Hex            7%         N/A       30%         3
b - Animate Armour        Summ/Erth      6%         N/A       89%         4

Your spell library contained the following spells:

 Spells                   Type           Power      Damage    Failure   Level
 Stone Arrow              Conj/Erth      2%         3d7       61%         3
 Dimensional Bullseye     Hex/Tloc       2%         N/A       85%         4
 Iskenderun's Mystic Bla  Conj/Tloc      1%         2d3       95%         4
 Lehudib's Crystal Spear  Conj/Erth      0%         10d2      100%        8


Dungeon Overview and Level Annotations

Branches:
Dungeon (6/15)
 Temple: D:4-7

Altars:
Dithmenos
Fedhas
Gozag
Ru
Uskayaw
Vehumet
Wu Jian
Xom

Shops:
D:1 :   D:5 ?


Innate Abilities, Weirdness & Mutations

You are a tree.
Your roots penetrate the ground, keeping you stationary.
You cannot be teleported.
You are immune to unholy pain and torment.
Your maximum health is greatly increased.
Your equipment is partially melded.
((You have very sharp fingernails.))
((You are partially covered in razor-sharp scales. (AC +1, Slay +1)))
You possess an exceptional clarity of mind.
You are robust. (+10% HP)
You occasionally shout uncontrollably at your foes.


Message History

The troll claws your butterfly.
Your butterfly dies!
Your butterfly disappears in a burst of colours!
The troll is attracted toward you. The troll misses your butterfly.
The troll barely misses your butterfly. The troll misses your butterfly.
The troll looks more healthy.
The troll bites your butterfly!!
Your butterfly dies!
Your butterfly disappears in a burst of colours!
The troll is attracted toward you.
There is a stone staircase leading down here.
The troll attacks as it pursues you! The troll closely misses you.
The troll claws you.
* * * LOW HITPOINT WARNING * * *
The troll claws you.
* * * LOW HITPOINT WARNING * * *
Okay, then.
You turn into a tree.
Your +0 helmet melds into your body.
Your +0 chain mail melds into your body.
Your roots penetrate the ground.
The troll bites you but does no damage.
The troll claws you but does no damage. x2
You hit the troll but do no damage.
The troll is lightly wounded.
The troll bites you.
* * * LOW HITPOINT WARNING * * *
The troll claws you but does no damage. The troll claws you.
* * * LOW HITPOINT WARNING * * *
You slash the troll!
The troll is moderately wounded.
The troll bites you but does no damage. The troll claws you.
* * * LOW HITPOINT WARNING * * *
The troll claws you but does no damage.
You barely miss the troll.
The troll is moderately wounded.
The troll bites you but does no damage.
The troll claws you but does no damage. x2
You hit the troll.
The troll is moderately wounded.
The troll bites you!
You die...
Xom snickers!

##..#..........##
#...###.#......###
##..#.#.#........#
#..............###
##.............#### ######
#...<...##.....##.# ##.#..#
#.<......##...##..###......
#.............##....#.......
.........(...♣T.#........##...
...##.###.....#bbb#........##..#
.. .. #.....#.bbbbb........†.# (
.## #...###bb..b....##..#... ..
##..##..b..b.b......##.. ..
##......bb........####.
....###.b.bb...#b.###.. ....
##...........##.. .#.
..(................


You could see a troll.

Vanquished Creatures
  2 water moccasins
  A black bear (D:4)
  A sky beast (D:4)
  A centaur (D:5)
  A phantom (D:5)
  A bullfrog (D:6)
  6 scorpions
  A jelly (D:2)
  3 hounds (D:5)
  2 sleepcaps (D:5)
  Jessica (D:2)
  2 iguanas (D:5)
  An orc wizard (D:5)
  Robin (D:4)
  7 gnolls
  6 adders
  A shadow imp (D:5)
  2 dart slugs
  3 ribbon worms
  6 orcs
  8 bats
  5 endoplasms
  2 giant cockroaches
  14 goblins
  7 hobgoblins
  11 jackals
  6 ball pythons
  5 frilled lizards
  4 kobolds
  4 rats
  A spectral kobold (D:2)
116 creatures vanquished.

Vanquished Creatures (others)
  Edmund (D:4)
  An adder (D:5)
  An orc (D:5)
  A goblin zombie (D:4)
4 creatures vanquished.

Grand Total: 120 creatures vanquished

Notes
Turn   | Place    | Note
-------+----------+-------------------------------------------
     0 | D:1      | ezpacito the Demonspawn Chaos Knight began the quest for
                  | the Orb.
     0 | D:1      | Reached XP level 1. HP: 18/18 MP: 1/1
    32 | D:1      | XOM: potion effect (haste)
    38 | D:1      | XOM: butterfly on damage
    38 | D:1      | XOM: smoke on damage
   212 | D:1      | Gained mutation: You have sharp fingernails. [demonic
                  | ancestry]
   212 | D:1      | Reached XP level 2. HP: 24/24 MP: 2/2
   214 | D:1      | Reached skill level 1 in Dodging
   307 | D:1      | Found Vigenn's Book Emporium.
   307 | D:1      | Noticed a walking frostbound tome
   307 | D:1      | Noticed a walking crystal tome
   336 | D:1      | XOM: potion effect (brilliance)
   453 | D:1      | Reached skill level 3 in Axes
   652 | D:1      | XOM: noise
   744 | D:1      | Reached XP level 3. HP: 29/29 MP: 3/3
  1076 | D:1      | XOM is BORED!
  1141 | D:2      | XOM: noise
  1147 | D:2      | XOM: 7-stop teleportation journey
  1191 | D:2      | Noticed Jessica
  1203 | D:2      | Killed Jessica
  1204 | D:2      | Gained mutation: You have very sharp fingernails. [demonic
                  | ancestry]
  1204 | D:2      | Reached XP level 4. HP: 36/36 MP: 3/5
  1231 | D:2      | XOM: smoke on damage
  1259 | D:2      | XOM: cloud trail
  1276 | D:2      | Found a faded altar of an unknown god.
  1338 | D:2      | Reached skill level 1 in Stealth
  1610 | D:2      | Reached skill level 1 in Unarmed Combat
  1610 | D:2      | Reached skill level 1 in Spellcasting
  1612 | D:2      | Reached XP level 5. HP: 25/42 MP: 6/6
  1781 | D:2      | Learned a level 3 spell: Tukima's Dance
  1884 | D:2      | XOM: draining
  1941 | D:2      | XOM: god gift: staff of alchemy
  2016 | D:3      | Identified the +9 spear of the Warrior {protect, rPois
                  | Will+}
  2143 | D:3      | Found a shadowy altar of Dithmenos.
  2143 | D:3      | Found an ornate altar of the Wu Jian Council.
  2287 | D:3      | XOM: scenery: create altars
  2337 | D:3      | XOM: god gift: 45 gold pieces
  2466 | D:4      | Noticed Edmund
  2479 | D:4      | Killed Edmund
  2479 | D:4      | XOM: divine lightning
  2480 | D:4      | Reached skill level 4 in Axes
  2480 | D:4      | Reached XP level 6. HP: 45/48 MP: 7/7
  2498 | D:4      | Found a hide-covered altar of Uskayaw.
  2498 | D:4      | XOM: 1-stop teleportation journey
  2723 | D:4      | Found a radiant altar of Vehumet.
  3119 | D:4      | XOM: draining
  3209 | D:4      | Noticed Robin
  3224 | D:4      | Killed Robin
  3225 | D:4      | Reached skill level 1 in Hexes
  3291 | D:4      | XOM: smoke on damage
  3292 | D:4      | Reached skill level 1 in Evocations
  3366 | D:4      | Reached skill level 1 in Alchemy
  3366 | D:4      | Reached XP level 7. HP: 44/54 MP: 9/9
  3382 | D:4      | XOM: noise
  3886 | D:4      | XOM: polymorph iguana -> sky beast
  3960 | D:4      | XOM: give mutations
  3960 | D:4      | Gained mutation: You sometimes lose your temper in combat.
                  | [Xom's mischief]
  3960 | D:4      | Gained mutation: Your muscles are strong. (Str +4, Int/Dex
                  | -1) [Xom's mischief]
  3991 | D:4      | Found a sacrificial altar of Ru.
  4106 | D:5      | Entered Level 5 of the Dungeon
  4106 | D:5      | Found a blossoming altar of Fedhas.
  4121 | D:5      | Reached skill level 5 in Axes
  4129 | D:5      | XOM: destruction
  4144 | D:5      | XOM: fake destruction
  4172 | D:5      | Found a shimmering altar of Xom.
  4172 | D:5      | Found Hattiup's Magic Scroll Shoppe.
  4172 | D:5      | Found an opulent altar of Gozag.
  4172 | D:5      | XOM: 8-stop teleportation journey
  4178 | D:5      | Learned a level 4 spell: Animate Armour
  4262 | D:5      | XOM: scenery: summon butterflies
  4278 | D:5      | Gained mutation: You are partially covered in razor-sharp
                  | scales. (AC +1, Slay +1) [demonic ancestry]
  4278 | D:5      | Reached XP level 8. HP: 45/61 MP: 11/11
  4350 | D:5      | XOM: summons 4 friendly demons
  4935 | D:5      | Reached skill level 1 in Summonings
  5088 | D:5      | XOM: 2-stop teleportation journey
  5355 | D:5      | XOM: stat loss: -1 Int (10/11)
  5503 | D:6      | XOM: potion effect (haste)
  5572 | D:6      | an ogre changed into a troll
  5572 | D:6      | Noticed a troll
  5572 | D:6      | XOM: polymorph ogre -> troll
  5579 | D:6      | Lost mutation: Your muscles are strong. (Str +4, Int/Dex
                  | -1) [potion of mutation]
  5579 | D:6      | Lost mutation: You sometimes lose your temper in combat.
                  | [potion of mutation]
  5579 | D:6      | Gained mutation: Your spells are a little harder to cast,
                  | but a little more powerful. [potion of mutation]
  5585 | D:6      | Lost mutation: Your spells are a little harder to cast, but
                  | a little more powerful. [potion of mutation]
  5585 | D:6      | Gained mutation: You occasionally shout uncontrollably at
                  | your foes. [potion of mutation]
  5585 | D:6      | Gained mutation: You are robust. (+10% HP) [potion of
                  | mutation]
  5585 | D:6      | Gained mutation: You possess an exceptional clarity of
                  | mind. [potion of mutation]
  5599 | D:6      | Slain by a troll

Illustrated notes

Levels and vault maps discovered:
D:1:      dpeg_arrival_solitude, layout_basic, serial_shops,
          nicolae_shop_mannequins
D:2:      layout_loops_ring, dreamdust_ecumenical_altar_drowned_temple,
          minmay_increasing_density, uniq_jessica
D:3:      layout_rooms, mainiacjoe_overflow_divided_tiny, grunt_decor_fettered
D:4:      layout_basic, nicolae_ru_path_of_blood, nicolae_vehumet_radiance,
          nicolae_overflow_crystal_walls, grunt_ministairs_2, uniq_edmund,
          uniq_robin
D:5:      layout_loops_ring, grunt_gozag_breadcrumbs,
          mainiacjoe_overflow_catwalk_spiral, serial_shops, shop, minivault_5,
          chequers_serial_rivers_micro_c, grunt_tough_drop
D:6:      layout_cave_pools, chequers_serial_rivers_micro_e

Skill      XL: |  1  2  3  4  5  6  7  8 |
---------------+-------------------------+-----
Dodging        | 1 2 |  2.5
Axes           | 3 4 5 |  5.9
Armour         | 2 3 |  3.9
Stealth        | 1 2 |  2.5
Unarmed Combat | 1 2 |  2.2
Spellcasting   | 1 2 |  2.6
Fighting       | 4 |  4.7
Hexes          | 1 2 |  2.2
Evocations     | 1 2 |  2.2
Alchemy        | 1 2 |  2.1
Summonings     | 1 |  1.2

Action                     |  1- 3 |  4- 6 |  7- 9 || total
---------------------------+-------+-------+-------++-------
  Melee: Hand axe          |    69 |   171 |   174 ||   414
    Use: Potion            |     2 |     2 |     6 ||    10
         Scroll            |       |     7 |     2 ||     9
   Stab: Sleeping          |     2 |     1 |       ||     3
         Petrified         |     4 |       |       ||     4
         Confused          |       |     3 |     1 ||     4
         Distracted        |       |       |     1 ||     1
 Armour: Leather armour    |    42 |    48 |       ||    90
         Skin              |     1 |       |    13 ||    14
         Scale mail        |       |    50 |    11 ||    61
         Chain mail        |       |       |   101 ||   101
  Dodge: Dodged            |    37 |   136 |   140 ||   313

Table legend: (Time is in decaauts)
 A = Elapsed time spent in this place.
 B = Non-inter-level travel time spent in this place.
 C = Inter-level travel time spent in this place.
 D = Time resting spent in this place.
 E = Time spent auto-exploring this place.
 F = Levels seen in this place.
 G = Mean time per level.
                   A        B        C        D        E       F      G
               +--------+--------+--------+--------+--------+-----+--------+
         Total |   5631 |   5337 |    294 |      0 |   4202 |   6 |  938.5 |
       Dungeon |   5631 |   5337 |    294 |      0 |   4202 |   6 |  938.5 |
               +--------+--------+--------+--------+--------+-----+--------+

Top non-repeatable levels by time:
     D:4: 1687 daAuts
     D:5: 1396 daAuts
     D:1: 1080 daAuts
     D:2: 868 daAuts
     D:3: 486 daAuts
     D:6: 111 daAuts
